 Dungeon Crawl Stone Soup version 0.21-a0-273-g0785366 (console) character file.

219 swinepaste the Chiller (level 5, -10/35 HPs)
             Began as a Merfolk Ice Elementalist on Sept 17, 2017.
             Was an Initiate of Okawaru.
             Killed by divine providence
             ... invoked by an orc priest
              (15 damage)
             ... on level 3 of the Dungeon.
             The game lasted 00:09:08 (2827 turns).

swinepaste the Chiller (Merfolk Ice Elementalist)   Turns: 2827, Time: 00:09:08

Health: -10/35     AC:  6    Str:  8    XL:     5   Next: 96%
Magic:  3/10       EV: 13    Int: 14    God:    Okawaru [......]
Gold:   129        SH:  0    Dex: 16    Spells: 5/11 levels left

rFire    + . .     SeeInvis .   d - +0 short sword
rCold    . . .     Gourm    .   (no shield)
rNeg     . . .     Faith    .   a - +0 robe
rPois    .         Spirit   .   h - +2 helmet
rElec    .         Reflect  .   (no cloak)
rCorr    .         Harm     .   (no gloves)
MR       .....                  y - +0 pair of boots
Stlth    ++........             (no amulet)
HPRegen  0.11/turn              k - ring of protection from fire
MPRegen  0.12/turn              (no ring)

@: very slightly contaminated, drained
A: change form in water, swift swim, stealthy swim
a: Renounce Religion


You were on level 3 of the Dungeon.
You worshipped Okawaru.
Okawaru was noncommittal.
You were hungry.

You visited 1 branch of the dungeon, and saw 3 of its levels.

You collected 129 gold pieces.

Inventory:

Hand Weapons
 d - a +0 short sword (weapon)
Missiles
 j - 3 javelins of returning (quivered)
 s - 13 poisoned needles
Armour
 a - a +0 robe (worn)
 h - a +2 helmet (worn)
 y - a +0 pair of boots (worn)
Jewellery
 k - a ring of protection from fire (left hand)
 u - an uncursed ring of fire
Scrolls
 l - a scroll of fear
 m - 4 scrolls of remove curse
 o - a scroll of enchant armour {unknown}
 q - a scroll of immolation {unknown}
 t - a scroll of blinking {unknown}
 x - a scroll of enchant weapon {unknown}
Potions
 e - a potion of lignification {unknown}
 f - a potion of mutation {unknown}
 g - a potion of magic {unknown}
 n - a potion of haste {unknown}
 p - 2 potions of curing {unknown}
 v - 2 potions of heal wounds
 w - a potion of invisibility {unknown}
 z - a potion of might {unknown}
Books
 b - a book of Frost

   Spells                             Type                      Level
   a - Freeze                         Ice                          1
   b - Throw Frost                    Conjuration/Ice              2
   c - Ozocubu's Armour               Charms/Ice                   3
   d - Throw Icicle                   Conjuration/Ice              4
   e - Summon Ice Beast               Ice/Summoning                4
Comestibles
 c - 5 bread rations
 i - 3 meat rations


   Skills:
 - Level 2.6(2.0) Dodging
 - Level 2.1(1.5) Stealth
 + Level 3.6(3.0) Spellcasting
 + Level 2.4(1.8) Conjurations
 - Level 5.0(4.3) Ice Magic


You had 5 spell levels left.
You knew the following spells:

 Your Spells              Type           Power        Failure   Level  Hunger
f - Freeze                Ice            ##..         3%          1    #......
t - Throw Frost           Conj/Ice       ##....       10%         2    ##.....
z - Ozocubu's Armour      Chrm/Ice       #.......     26%         3    ###....


Dungeon Overview and Level Annotations

Branches:
Dungeon (3/15)

Altars:
Kikubaaqudgha
Okawaru


Message History

Okawaru accepts your kill.
Casting: Freeze
Confirm with . or Enter, or press ? or * to list all spells.
Aiming: Freeze
Press: ? - help, Shift-Dir - straight line, f - orc priest
Aim: an orc priest, wielding a dagger and wearing a scale mail (severely wounded)
You freeze the orc priest.
The orc priest is severely wounded.
The orc priest misses you.
Casting: Freeze
Confirm with . or Enter, or press ? or * to list all spells.
Aiming: Freeze
Press: ? - help, Shift-Dir - straight line, f/p - orc priest
Aim: an orc priest, wielding a dagger and wearing a scale mail (severely wounded)
You miscast Freeze.
You are very lightly contaminated with residual magic.
Nothing appears to happen.
The orc priest calls down the wrath of Beogh upon you.
Beogh smites you!
You die...

..######## .........#
#>..####.######
###.#).#......#
#.#..#<####.# #.#..#.#
#..# ###.#..#.# #.##
....#..#.###.#########
#####..#.#.!....mo...#
.......#.#.#.#######.#
#####.##.#.#.. #.##.#
### #.##.# #.##.#
#....# #.##.# ######


You could see an orc priest.

Vanquished Creatures
  The ghost of swinepaste the Chiller, an amateur MfIE (D:3)
  An orc wizard (D:3)
  5 adders (D:2)
  An ooze (D:3)
  An adder skeleton (D:3)
  2 dart slugs (D:2)
  2 worms
  2 leopard geckos (D:2)
  5 orcs (D:3)
  A giant cockroach (D:2)
  4 hobgoblins
  6 kobolds
  2 quokkas (D:2)
  3 ball pythons (D:1)
  5 bats
  3 frilled lizards (D:2)
  4 goblins
  A jackal skeleton (D:3)
  6 rats
55 creatures vanquished.

Notes
Turn   | Place    | Note
-------+----------+-------------------------------------------
     0 | D:1      | swinepaste the Merfolk Ice Elementalist began the quest for the Orb.
     0 | D:1      | Reached XP level 1. HP: 13/13 MP: 3/3
   387 | D:1      | Reached XP level 2. HP: 19/19 MP: 1/5
   394 | D:1      | Learned a level 2 spell: Throw Frost
   462 | D:1      | Reached skill level 4 in Ice Magic
   866 | D:2      | Reached XP level 3. HP: 15/24 MP: 0/6
  1023 | D:2      | Found an iron altar of Okawaru.
  1038 | D:2      | Became a worshipper of Warmaster Okawaru
  1070 | D:2      | Reached skill level 5 in Ice Magic
  1230 | D:2      | Found a faded altar of an unknown god.
  1291 | D:2      | Reached skill level 1 in Conjurations
  1291 | D:2      | Reached XP level 4. HP: 30/30 MP: 2/7
  1935 | D:2      | Learned a level 3 spell: Ozocubu's Armour
  2412 | D:3      | Reached XP level 5. HP: 15/35 MP: 2/9
  2626 | D:3      | Found an ancient bone altar of Kikubaaqudgha.
  2649 | D:3      | Noticed swinepaste's ghost (amateur MfIE)
  2725 | D:3      | Killed swinepaste's ghost
  2827 | D:3      | Killed from afar by an orc priest

Vault maps used:
D:1:      evilmike_arrival_run_for_it
D:2:      okawaru_trees_2, chequers_ecumenical_altar_simple
D:3:      marbit_many_paths, first_bread

Skill      XL: |  1  2  3  4  5 |
---------------+----------------+-----
Ice Magic      | 4 5 |  5.0
Conjurations   | 1 2 |  2.4
Spellcasting   | 3 |  3.6
Dodging        | |  2.6
Stealth        | |  2.1

Action                   |  1- 3 |  4- 6 || total
-------------------------+-------+-------++-------
Melee: Unarmed           |     4 |       ||     4
       Short sword       |    15 |    30 ||    45
 Cast: Freeze            |    35 |    43 ||    78
       Throw Frost       |     9 |    13 ||    22
       Ozocubu's Armour  |       |     1 ||     1
  Use: Potion            |     1 |       ||     1
       Scroll            |       |     2 ||     2
 Stab: Sleeping          |     1 |       ||     1
  Eat: Chunk             |     3 |     6 ||     9
Armor: Robe              |     7 |    11 ||    18
Dodge: Dodged            |    31 |    24 ||    55

Table legend:
 A = Spawn XP
 B = Non-spawn XP
 C = Spawn XP percentage of total XP
 D = Spawn monster count
 E = Non-spawn monster count
 F = Spawn count percentage of total count
 G = Total turns spent on level
                    A         B        C        D         E        F      G
               +---------+---------+-------+---------+---------+-------+---------
         Total |       0 |     313 |   0.0 |       0 |      55 |   0.0 |  2827
               +---------+---------+-------+---------+---------+-------+---------
           D:1 |       0 |      19 |   0.0 |       0 |      12 |   0.0 |   848
           D:2 |       0 |     107 |   0.0 |       0 |      27 |   0.0 |  1169
           D:3 |       0 |     187 |   0.0 |       0 |      16 |   0.0 |   810
               +---------+---------+-------+---------+---------+-------+---------
